 Dungeon Crawl Stone Soup version 0.29.0-4-gdea44cf6ec (webtiles) character file.

Game seed: 16004198194996443818

35 qw the Chopper (level 3, -3/23 HPs)
             Began as a Gargoyle Berserker on Sept 4, 2022.
             Was a Believer of Trog.
             Slain by a gnoll
             ... wielding a +0 flail
              (7 damage)
             ... on level 2 of the Dungeon.
             The game lasted 00:00:40 (1840 turns).

qw the Chopper (Gargoyle Berserker)                 Turns: 1840, Time: 00:00:40

Health: -3/23      AC:  9    Str: 22    XL:     3   Next: 35%
Magic:  3/3        EV: 10    Int:  7    God:    Trog [**....]
Gold:   30         SH:  0    Dex:  9    Spells: 2/2 levels left

rFire   . . .      SeeInvis .   Y - +0 hand axe
rCold   . . .      Faith    .   (no shield)
rNeg    + . .      Spirit   .   c - +0 scale mail
rPois   inf        Reflect  .   (no helmet)
rElec   +          Harm     .   (no cloak)
rCorr   .          Rampage  .   (no gloves)
Will    .....                   (no boots)
Stlth   ..........              (no amulet)
HPRegen 0.07/turn               (no ring)
MPRegen 0.08/turn               (no ring)

@: on berserk cooldown, slowed, very slow
A: sickness immunity, AC +3, negative energy resistance 1, electricity
resistance, torment resistance 1, petrification resistance
a: Renounce Religion, Berserk, Trog's Hand


You were on level 2 of the Dungeon.
You worshipped Trog.
Trog was pleased with you.
You visited 1 branch of the dungeon, and saw 2 of its levels.

You collected 30 gold pieces.


Innate Abilities, Weirdness & Mutations

You are immune to sickness and miasma.
Your stone body is resilient. (AC +3)
You are immune to poison.
You resist negative energy. (rN+)
You are resistant to electric shocks. (rElec)
You are resistant to unholy torment.
You are immune to petrification.


   Skills:
 - Level 3.2 Fighting
 + Level 3.9 Axes
 - Level 2.1 Armour
 - Level 1.5 Dodging


You had 2 spell levels left.
You didn't know any spells.
Your spell library was empty.

Inventory:

Hand Weapons
 d - a +0 whip
 Y - a +0 hand axe (weapon)
Armour
 c - a +0 scale mail (worn)
 f - a +0 helmet
Scrolls
 a - a scroll of teleportation {unknown}
 b - a scroll of magic mapping {unknown}
 g - a scroll of enchant armour {unknown}
Potions
 e - a potion of lignification {unknown}

Dungeon Overview and Level Annotations

Branches:
Dungeon (2/15)

Altars:


Message History

The goblin barely misses you.
You tear a large gash into the net.
You struggle against the net.
You feel your anger nearly subside. The goblin hits you but does no damage.
The gnoll barely misses you.
You rip the net and break free!
You are no longer berserk.
You are exhausted.
You feel yourself slow down. The gnoll closely misses you.
The goblin completely misses you.
You closely miss the gnoll. You hit the goblin.
The goblin hits you but does no damage. The gnoll closely misses you.
You hit the goblin but do no damage.
The goblin is heavily wounded.
You hit the gnoll but do no damage. The goblin closely misses you.
The gnoll hits you with a +0 flail! The goblin misses you.
The gnoll hits you with a +0 flail!
You hit the goblin.
You kill the goblin!
Trog accepts your kill.
You hit the gnoll. The gnoll closely misses you. The gnoll misses you.
You barely miss the gnoll. The gnoll barely misses you.
You hit the gnoll.
The gnoll is lightly wounded.
The gnoll misses you. The gnoll hits you with a +0 flail.
You hit the gnoll.
The gnoll is heavily wounded.
The gnoll barely misses you. The gnoll hits you with a +0 flail.
You completely miss the gnoll.
The gnoll is heavily wounded.
The gnoll misses you.
You hit the gnoll.
The gnoll is severely wounded.
The gnoll hits you but does no damage. The gnoll barely misses you.
You barely miss the gnoll.
The gnoll is severely wounded.
The gnoll hits you with a +0 flail!
You die...

....>..# #....###
.......# ##. )##
##...... .......#
#..# #.. #. ##.....
######.# #..# ##..
#.. #..... .......#
#..# ... #..# #.....
.####### #..##..
#..# #..... .# #....
#..# ##'### .#
#g)##..# #.# # .#
#@...# ###.### .#
##..## #..>... .#
###..## #.#.... .#
#...## #####.#....
.# #.### #.....#....
.#
#.########.....#....
.#
#..............#....
.#
#..............#....
.#
#..............#....


You could see a gnoll.

Vanquished Creatures
  4 bats
  4 endoplasms
  A giant cockroach (D:2)
  4 goblins
  A hobgoblin (D:1)
  6 kobolds
  2 quokkas
  4 ball pythons
  3 frilled lizards (D:1)
  5 rats
34 creatures vanquished.

Notes
Turn   | Place    | Note
-------+----------+-------------------------------------------
     0 | D:1      | qw the Gargoyle Berserker began the quest for the Orb.
     0 | D:1      | Reached XP level 1. HP: 14/14 MP: 1/1
     0 | D:1      | 0 ||| qw: Version: 0.1-a-103-gd6f5d3a
     0 | D:1      | 0 ||| qw: Game counter: 5711
     0 | D:1      | 0 ||| qw: Always use a shield: true
     0 | D:1      | 0 ||| qw: Do Orc after D:15 true
     0 | D:1      | 0 ||| qw: Do second Lair branch before Depths: true
     0 | D:1      | 0 ||| qw: Lair rune preference: random
     0 | D:1      | 0 ||| qw: Plans: Normal
     0 | D:1      | 0 ||| PLANNING D:1-11
   334 | D:1      | Reached skill level 3 in Axes
   349 | D:1      | 349 ||| DROPPING +0 club.
   390 | D:1      | Reached XP level 2. HP: 19/19 MP: 2/2
   474 | D:1      | 474 ||| Stepping ~*~*~tactically~*~*~ (stealth).
   561 | D:1      | 561 ||| INVOKING Berserk.
   562 | D:1      | 562 ||| INVOKING Berserk.
  1261 | D:1      | 1261 ||| UPGRADING to +0 scale mail.
  1271 | D:1      | 1271 ||| DROPPING +0 animal skin.
  1272 | D:1      | 1272 ||| READING scroll labelled XEZOHEJEKO.
  1273 | D:1      | 1273 ||| READING scroll labelled KUTEOMEOZI.
  1308 | D:2      | Reached XP level 3. HP: 19/23 MP: 3/3
  1720 | D:2      | Reached ** piety under Trog
  1827 | D:2      | 1827 ||| INVOKING Berserk.
  1836 | D:2      | HP: 5/23 [gnoll/+0 flail (3)]
  1840 | D:2      | Slain by a gnoll

Levels and vault maps discovered:
D:1:      beargit_arrival_greenhouse, layout_basic
D:2:      minmay_alternating_diamond, layout_basic,
          dreamdust_ecumenical_altar_hidden_monk_grotto, wad_floor_pattern_2,
          guppyfry_early_lair_pool

Skill      XL: |  1 |
---------------+----+-----
Axes           | 3 |  3.9
Fighting       | |  3.2
Armour         | |  2.1
Dodging        | |  1.5

Action                   || total
-------------------------++-------
Melee: Hand axe          ||   133
Invok: Berserk           ||     2
  Use: Scroll            ||     2
Armor: Animal skin       ||    22
       Scale mail        ||    34
Dodge: Dodged            ||    80

Table legend:
 A = Non-vault XP
 B = Vault XP
 C = Vault XP percentage of total XP
 D = Non-vault monster count
 E = Vault monster count
 F = Vault count percentage of total count
                 A         B        C        D         E       F
            +---------+---------+-------+---------+---------+-------
      Total |      48 |       3 |   5.9 |      32 |       2 |   5.9
            +---------+---------+-------+---------+---------+-------
        D:1 |      31 |       0 |   0.0 |      22 |       0 |   0.0
        D:2 |      17 |       3 |  15.0 |      10 |       2 |  16.7
            +---------+---------+-------+---------+---------+-------
